 Dungeon Crawl Stone Soup version 0.29-a0-878-g7b45a56547 (webtiles) character file.

Game seed: 4873076333020569791

9657 kevlar127 the Grappler (level 11, -4/115 HPs)
             Began as a Troll Berserker on July 19, 2022.
             Was a High Priest of Trog.
             Killed from afar by an electric eel (15 damage)
             ... with a bolt of electricity
             ... on level 10 of the Dungeon.
             The game lasted 00:18:41 (9098 turns).

kevlar127 the Grappler (Troll Berserker)            Turns: 9098, Time: 00:18:42

Health: -4/115     AC: 13    Str: 31    XL:     11   Next: 25%
Magic:  10/10      EV: 10    Int:  3    God:    Trog [*****.]
Gold:   582        SH:  0    Dex:  9    Spells: 10/10 levels left

rFire   . . .      SeeInvis .     - Unarmed
rCold   . . .      Faith    .   (no shield)
rNeg    . . .      Spirit   .   R - +0 steam dragon scales
rPois   .          Reflect  .   (helmet restricted)
rElec   .          Harm     .   y - +0 cloak
rCorr   .          Rampage  .   (gloves unavailable)
Will    ++...                   (boots unavailable)
Stlth   +.........              (no amulet)
HPRegen 2.09/turn               H - +4 ring of protection
MPRegen 0.12/turn               s - ring of flight

@: about to teleport, strong-willed, flying, regenerating
A: large, unfitting armour, claws 3, regeneration 1, shaggy fur 1, tough skin 1
a: Renounce Religion, Berserk, Trog's Hand, Brothers in Arms


You were on level 10 of the Dungeon.
You worshipped Trog.
Trog was extremely pleased with you.
You visited 1 branch of the dungeon, and saw 10 of its levels.
You also visited: Sewer and Ossuary.

You collected 582 gold pieces.

Inventory:

Missiles
 g - 73 stones
 j - 27 poisoned darts
 k - 17 boomerangs (quivered)
 l - a throwing net
 x - 4 large rocks
 G - 6 curare-tipped darts
 N - 2 silver boomerangs
Armour
 y - a +0 cloak (worn)
 z - a +0 kite shield
 R - +0 steam dragon scales (worn)
Jewellery
 m - a ring of see invisible
 s - a ring of flight (right claw)
 H - a +4 ring of protection (left claw)
 P - a ring of protection from fire
Wands
 K - a wand of polymorph (6)
 Q - a wand of paralysis (9)
Scrolls
 a - a scroll of poison {unknown}
 c - 11 scrolls of identify
 d - a scroll of immolation {unknown}
 e - 8 scrolls of teleportation
 f - 2 scrolls of amnesia {unknown}
 h - a scroll of fog {unknown}
 i - 2 scrolls of noise {unknown}
 p - 2 scrolls of silence {unknown}
 t - a scroll of summoning {unknown}
 w - 2 scrolls of vulnerability
 A - a scroll of enchant weapon {unknown}
 B - 3 scrolls of magic mapping
 C - a scroll of fear {unknown}
 D - a scroll of enchant armour {unknown}
 J - 4 scrolls of blinking
 L - a scroll of brand weapon {unknown}
Potions
 b - 2 potions of degeneration {unknown}
 n - 3 potions of heal wounds {unknown}
 o - 2 potions of lignification {unknown}
 q - 4 potions of curing
 r - 3 potions of haste {unknown}
 u - a potion of ambrosia {unknown}
 v - 3 potions of attraction {unknown}
 E - 4 potions of mutation {unknown}
 F - 4 potions of berserk rage {unknown}
 I - 4 potions of flight {unknown}
 M - a potion of cancellation {unknown}
 O - 4 potions of invisibility {unknown}


   Skills:
 + Level 9.4 Fighting
 + Level 6.8 Throwing
 - Level 4.0 Armour
 - Level 3.0 Dodging
 + Level 11.2 Unarmed Combat


You had 10 spell levels left.
You didn't know any spells.
Your spell library was empty.

Dungeon Overview and Level Annotations

Branches:
Dungeon (10/15)            Temple (0/1) D:4           Sewer (visited)
Ossuary (visited)
   Lair: D:8-11         Orc: D:9-12

Altars:
Cheibriados
Dithmenos
Elyvilon
Fedhas
Gozag
Kikubaaqudgha
Okawaru
Ru
Sif Muna
Uskayaw

Shops:
D:1 :   D:2 (


Innate Abilities, Weirdness & Mutations

You are too large for most types of armour.
You have claws for hands.
Your natural rate of healing is unusually fast.
You are covered in fur. (AC +1)
You have tough skin. (AC +1)


Message History

The electric eel shoots out a bolt of lightning at you!
The bolt of electricity hits you!
The hound barks!
You barely miss the electric eel.
The wolf howls!
Your claw misses the electric eel.
You hear a roar!
The electric eel shoots out a bolt of lightning at you!
The bolt of electricity hits you!
You scratch the electric eel.
The electric eel is moderately wounded.
The electric eel shoots out a bolt of lightning at you!
The bolt of electricity hits you!
Your skin crawls.
You feel strong-willed.
The electric eel shoots out a bolt of lightning at you!
The bolt of electricity hits you!
You barely miss the electric eel.
The electric eel is moderately wounded.
The wolf bites you but does no damage.
The electric eel shoots out a bolt of lightning at you!
The bolt of electricity hits you!
* * * LOW HITPOINT WARNING * * *
The wolf barely misses you.
As you read the scroll labelled ZABBYXZ KETWE, it crumbles to dust.
You feel strangely unstable.
It was a scroll of teleportation.
The wolf bites you but does no damage.
The electric eel shoots out a bolt of lightning at you!
The bolt of electricity hits you!
* * * LOW HITPOINT WARNING * * *
The electric eel shoots out a bolt of lightning at you!
The bolt of electricity hits you.
* * * LOW HITPOINT WARNING * * *
You scratch the wolf.
The wolf is lightly wounded.
The wolf bites you but does no damage. The wolf bites you.
* * * LOW HITPOINT WARNING * * *
The electric eel shoots out a bolt of lightning at you!
The bolt of electricity hits you!
You die...

≈≈≈≈....≈≈≈≈≈≈≈
≈≈≈.≈hhh.≈≈≈≈≈≈
≈≈≈≈h≈≈≈≈≈≈S≈≈≈
≈≈≈≈h≈≈≈≈≈≈.≈.≈
..≈≈≈≈≈≈≈≈≈..≈≈
≈.≈≈≈≈≈≈≈......
..≈≈≈≈SST...... #...#
....h.h@......# #...#
..............# #...#
##............+ #....
#.........?>.######....
#......................
#.....).#######........
####....# #........
#....# #........ #....#
#........


You could see a troll, 3 wolves, 4 hounds and 3 electric eels.

Vanquished Creatures
  A boulder beetle (D:8)
  A centaur warrior (D:9)
  A two-headed ogre (D:8)
  A tengu warrior (D:9)
  A wizard (D:9)
  A deep elf zephyrmancer (D:6)
  2 hornets
  A troll (D:9)
  Prince Ribbit (D:9)
  A wraith (Ossuary)
  9 yaks (D:9)
  Sigmund (D:3)
  2 steam dragons (D:9)
  A sky beast (D:7)
  2 water moccasins
  Pargi (Sewer)
  An orc warrior (D:7)
  An ice beast (D:6)
  A black bear (D:6)
  5 centaurs
  3 ogres
  A phantom (D:4)
  A kobold brigand (D:9)
  The ghost of jimonade the Sneak, an amateur KoBr (D:5)
  2 bullfrogs
  2 scorpions
  A necrophage (D:6)
  3 gnoll sergeants
  A water moccasin zombie (Ossuary)
  2 wights (D:9)
  10 killer bees (D:9)
  3 howler monkeys
  A bullfrog zombie (Ossuary)
  4 centaur zombies
  3 hounds
  A centaur skeleton (D:4)
  2 orc priests (D:6)
  Crazy Yiuf (D:3)
  Jessica (D:3)
  Terence (D:3)
  3 iguanas
  5 orc wizards
  3 scorpion zombies
  2 hound zombies (D:4)
  A hound skeleton (D:4)
  10 adders
  14 gnolls
  A shadow imp (D:7)
  An ufetubus (D:6)
  7 adder zombies
  An adder skeleton (D:4)
  2 worms (D:2)
  5 dart slugs
  34 orcs
  5 ball pythons
  6 endoplasms
  4 giant cockroaches
  6 goblins
  6 hobgoblins
  4 jackals (Sewer)
  7 kobolds
  7 quokkas
  5 bats
  3 frilled lizards (D:1)
  3 gnoll zombies (Ossuary)
  A goblin zombie (Ossuary)
  4 hobgoblin zombies (Ossuary)
  4 orc zombies (Ossuary)
  A quokka zombie (D:4)
  4 rats
238 creatures vanquished.

Vanquished Creatures (others)
  A withered plant (D:4)
1 creature vanquished.

Grand Total: 239 creatures vanquished

Notes
Turn   | Place    | Note
-------+----------+-------------------------------------------
     0 | D:1      | kevlar127 the Troll Berserker began the quest for the Orb.
     0 | D:1      | Reached XP level 1. HP: 22/22 MP: 0/0
   255 | D:1      | Reached XP level 2. HP: 29/29 MP: 1/1
   260 | D:1      | Found a faded altar of an unknown god.
   716 | D:1      | Found Roetatog's Book Boutique.
   929 | D:2      | Reached XP level 3. HP: 36/36 MP: 2/2
  1006 | D:2      | Reached ** piety under Trog
  1029 | D:2      | Found Winodo Huru's Antique Weapon Boutique.
  1376 | D:3      | Noticed Sigmund
  1389 | D:3      | Killed Sigmund
  1390 | D:3      | Reached skill level 4 in Unarmed Combat
  1390 | D:3      | Reached XP level 4. HP: 47/48 MP: 3/3
  1390 | D:3      | Reached XP level 5. HP: 53/54 MP: 4/4
  1414 | D:3      | Noticed Terence
  1419 | D:3      | Killed Terence
  1589 | D:3      | Found a glowing drain.
  1615 | Sewer    | Entered a sewer
  1676 | Sewer    | Noticed Pargi
  1683 | Sewer    | Killed Pargi
  1684 | Sewer    | Reached skill level 5 in Unarmed Combat
  1684 | Sewer    | Reached XP level 6. HP: 56/63 MP: 5/5
  1898 | D:3      | Noticed Jessica
  1902 | D:3      | Killed Jessica
  2069 | D:3      | Found a sacrificial altar of Ru.
  2200 | D:3      | Found a runed translucent door.
  2201 | D:3      | Noticed Crazy Yiuf
  2507 | D:3      | Killed Crazy Yiuf
  2693 | D:4      | Reached skill level 1 in Throwing
  2696 | D:4      | Reached *** piety under Trog
  2786 | D:4      | Reached XP level 7. HP: 34/71 MP: 6/6
  2922 | D:4      | Found an iron altar of Okawaru.
  2938 | D:4      | Reached skill level 5 in Fighting
  2938 | D:4      | Reached skill level 6 in Unarmed Combat
  3039 | D:4      | Found a staircase to the Ecumenical Temple.
  3537 | D:5      | Entered Level 5 of the Dungeon
  3730 | D:5      | Found a runed translucent door.
  3773 | D:5      | Noticed a hornet
  3786 | D:5      | Killed a hornet
  3787 | D:5      | Reached XP level 8. HP: 17/81 MP: 7/7
  4104 | D:5      | Found a white marble altar of Elyvilon.
  4143 | D:5      | Found an ancient bone altar of Kikubaaqudgha.
  4342 | D:5      | Noticed jimonade's ghost (amateur KoBr)
  4353 | D:5      | Killed jimonade's ghost
  4547 | D:6      | Reached skill level 7 in Unarmed Combat
  4571 | D:6      | Reached **** piety under Trog
  4636 | D:6      | Found an opulent altar of Gozag.
  4992 | D:6      | Found a sand-covered staircase.
  5000 | Ossuary  | Entered an ossuary
  5045 | Ossuary  | Reached XP level 9. HP: 87/92 MP: 8/8
  5080 | Ossuary  | Reached skill level 5 in Throwing
  5112 | Ossuary  | Reached skill level 8 in Unarmed Combat
  5120 | Ossuary  | Reached ***** piety under Trog
  5138 | Ossuary  | Noticed a silent spectre
  5459 | D:6      | Noticed a deep elf zephyrmancer
  5466 | D:6      | Killed a deep elf zephyrmancer
  5588 | D:6      | Found a blossoming altar of Fedhas.
  5594 | D:6      | Reached skill level 9 in Unarmed Combat
  5694 | D:7      | Found a shadowy altar of Dithmenos.
  5707 | D:7      | Found a shimmering blue altar of Sif Muna.
  6509 | D:8      | Noticed a boulder beetle
  6522 | D:8      | Killed a boulder beetle
  6523 | D:8      | Reached skill level 10 in Unarmed Combat
  6523 | D:8      | Reached XP level 10. HP: 32/105 MP: 9/9
  6860 | D:8      | Noticed a two-headed ogre
  6872 | D:8      | Killed a two-headed ogre
  6873 | D:8      | Reached skill level 1 in Armour
  7796 | D:9      | Noticed a centaur warrior
  7810 | D:9      | Killed a centaur warrior
  7861 | D:9      | Noticed a wizard
  7873 | D:9      | Killed a wizard
  8110 | D:9      | Reached XP level 11. HP: 106/113 MP: 10/10
  8116 | D:9      | Found a hide-covered altar of Uskayaw.
  8322 | D:9      | Reached skill level 11 in Unarmed Combat
  8487 | D:9      | Noticed Prince Ribbit
  8493 | D:9      | Killed Prince Ribbit
  8571 | D:9      | Noticed a tengu warrior
  8595 | D:9      | Killed a tengu warrior
  9038 | D:10     | Entered Level 10 of the Dungeon
  9047 | D:10     | Found a snail-covered altar of Cheibriados.
  9098 | D:10     | Killed from afar by an electric eel

Illustrated notes

Levels and vault maps discovered:
D:1:      sevenhm_arrival_forest_fort_large_2, layout_basic, serial_shops,
          nicolae_shop_hallway_plus, hellmonk_ecumenical_altar_lost_god,
          hangedman_glass_teeth
D:2:      layout_rooms, serial_shops, nicolae_shop_stone
D:3:      layout_loops_cross, nicolae_ru_the_path_less_chosen,
          portal_sewer_entry_f, chequers_serial_rivers_marsh,
          kennysheep_nondescript, hex_large, uniq_terence,
          uniq_crazy_yiuf_cottage, uniq_jessica, uniq_sigmund
D:4:      layout_loops_ring, okawaru_gym_becter, minmay_temple_entry_mini_moons,
          serial_undead, serial_undead_a, serial_undead_e, serial_undead_b,
          serial_undead_b, serial_undead_c, serial_undead_c, serial_undead_a,
          serial_undead_c, minmay_crystal_room
D:5:      layout_gridville, lemuel_round_altar, lemuel_crystal_altar,
          ebering_ghost_sewer_d
D:6:      layout_loops_ring, mainiacjoe_overflow_six_doors_small,
          fedhas_altar_fruit_tree, nicolae_ossuary_entry_plus,
          guppyfry_early_elven_hall
D:7:      layout_cave_pools, nicolae_overflow_crystal_walls,
          mainiacjoe_overflow_brackets, lightli_minifort
D:8:      layout_cave_pods, minmay_microvault
D:9:      minmay_distorted_concentric_squares, layout_basic, marbit_many_paths,
          small_chamber_with_monster, uniq_prince_ribbit1
D:10:     layout_irregular_city, kennysheep_slug_shrine,
          mainiacjoe_overflow_alcove_1, erik_lair_island

Skill      XL: |  1  2  3  4  5  6  7  8  9 10 11 |
---------------+----------------------------------+-----
Dodging        | 3 |  3.0
Fighting       | 3 4 5 6 8 9 |  9.4
Unarmed Combat | 4 5 6 7 10 11 | 11.2
Throwing       | 1 3 4 5 6 |  6.8
Armour         | 3 4 |  4.0

Action                   |  1- 3 |  4- 6 |  7- 9 | 10-12 || total
-------------------------+-------+-------+-------+-------++-------
Melee: Unarmed           |   116 |    89 |   289 |   146 ||   640
       Punch             |     2 |     1 |     7 |     8 ||    18
Throw: Boomerang         |       |       |       |    30 ||    30
       Throwing net      |       |       |       |     1 ||     1
       Dart              |       |       |       |    12 ||    12
Invok: Berserk           |       |     2 |     4 |     2 ||     8
       Trog's Hand       |       |       |     1 |     3 ||     4
  Use: Scroll            |       |       |       |     5 ||     5
 Stab: Sleeping          |     1 |       |       |       ||     1
Armor: Animal skin       |    40 |    44 |   107 |    31 ||   222
       Steam dragon scal |       |       |       |    33 ||    33
Dodge: Dodged            |    58 |    56 |   134 |    90 ||   338

Table legend: (Time is in decaauts)
 A = Elapsed time spent in this place.
 B = Non-inter-level travel time spent in this place.
 C = Inter-level travel time spent in this place.
 D = Time resting spent in this place.
 E = Time spent auto-exploring this place.
 F = Levels seen in this place.
 G = Mean time per level.
                   A        B        C        D        E       F      G
               +--------+--------+--------+--------+--------+-----+--------+
         Total |   9110 |   8845 |    265 |   1307 |   6195 |  12 |  759.2 |
       Dungeon |   8798 |   8533 |    265 |   1307 |   6015 |  10 |  879.8 |
         Sewer |    132 |    132 |      0 |      0 |     88 |   1 |  132.0 |
       Ossuary |    179 |    179 |      0 |      0 |     91 |   1 |  179.0 |
               +--------+--------+--------+--------+--------+-----+--------+

Top non-repeatable levels by time:
     D:9: 1529 daAuts
     D:3: 1135 daAuts
     D:8: 1100 daAuts
     D:5: 1028 daAuts
     D:6: 939 daAuts
     D:4: 935 daAuts
     D:1: 921 daAuts
     D:7: 727 daAuts
     D:2: 422 daAuts
 Ossuary: 179 daAuts
   Sewer: 132 daAuts
    D:10: 59 daAuts
